AoeStats
← Jonda

Lombardia

510227869Analyzed
4v4 RM · 2d ago on Sep 30, 2026· 95m 51s· 8 players
Game mode
Random Map
Map size
Large (8 player)
Population
200
Speed
Normal
Resources
Standard
Victory
Conquest
Starting age
Dark Age
Ending age
Imperial Age
RankedLock teamsTeams togetherTeam positionsShared explorationLock speedFull tech treeHidden civsTurbo modeCheats
Victory
Defeat
🇦🇷 Turks · Argentina
948
+12
🇦🇷 Goths · Argentina
907
+14
🇦🇷 Magyars · Argentina
840
+17
🇦🇷 Romans · Argentina
815
+17
🇺🇸 Goths · United States
872
-16
🇲🇽 Spanish · Mexico
866
-15
🇧🇷 Persians · Brazil
851
-15
🇺🇸 Tatars · United States
842
-14
Jonda
3:26 Loom
10:31 Feudal Age
17:23 Castle Age
16:41 Fletching
18:07 Gold Mining
22:17 Double-Bit Axe
24:58 Wheelbarrow
25:20 Bodkin Arrow
29:59 Padded Archer Armor
33:12 Ballistics
35:43 Silk Armor
36:46 Hand Cart
37:35 Husbandry
39:41 Bloodlines
43:06 Imperial Age
40:24 Town Watch
40:25 Light Cavalry
43:31 Capped Ram
43:39 Heavy Cavalry Archer
45:23 Chemistry
44:43 Leather Archer Armor
45:12 Bracer
48:19 Heavy Camel Rider
48:36 Hussar
57:18 Caravan
62:04 Forging
66:06 Town Patrol
68:48 Iron Casting
75:57 Pikeman
76:43 Squires
78:16 Bow Saw
80:32 Halberdier
87:46 Blast Furnace
87:45 Scale Mail Armor
Friedeggplant
0:33 Loom
15:54 Feudal Age
16:01 Man-at-Arms
19:43 Town Watch
22:07 Forging
21:58 Scale Mail Armor
21:46 Double-Bit Axe
21:44 Horse Collar
27:46 Wheelbarrow
32:34 Castle Age
30:34 Gold Mining
32:27 Stone Mining
33:33 Squires
34:01 Bow Saw
34:23 Heavy Plow
34:58 Long Swordsman
39:41 Hand Cart
39:41 Pikeman
47:42 Iron Casting
51:26 Imperial Age
49:44 Iron Casting
49:26 Chain Mail Armor
51:38 Fletching
52:35 Two-Handed Swordsman
52:56 Halberdier
56:40 Blast Furnace
56:27 Conscription
56:25 Caravan
58:44 Bodkin Arrow
58:53 Perfusion
58:55 Anarchy
59:19 Masonry
59:05 Murder Holes
59:31 Ballistics
60:11 Chemistry
59:53 Crop Rotation
60:41 Two-Man Saw
67:38 Two-Handed Swordsman
68:14 Champion
Bredark
0:49 Loom
13:28 Feudal Age
18:25 Castle Age
16:25 Gold Mining
17:26 Stone Mining
17:25 Double-Bit Axe
27:28 Padded Archer Armor
29:02 Wheelbarrow
30:54 Leather Archer Armor
30:45 Scale Barding Armor
31:15 Bloodlines
32:26 Forging
32:21 Husbandry
32:47 Ballistics
34:53 Chain Barding Armor
35:10 Iron Casting
37:32 Murder Holes
40:33 Imperial Age
40:20 Hand Cart
41:00 Thumb Ring
42:51 Fletching
43:23 Masonry
43:40 Conscription
44:52 Citadels
44:35 Town Watch
44:14 Pikeman
47:18 Plate Barding Armor
48:59 Blast Furnace
48:31 Ring Archer Armor
51:57 Hoardings
54:31 Bow Saw
53:45 Heavy Camel Rider
54:27 Scale Mail Armor
54:22 Bodkin Arrow
55:08 Kamandaran
54:32 Crossbowman
55:29 Chain Mail Armor
57:38 Plate Mail Armor
65:27 Architecture
65:20 Caravan
70:40 Squires
72:36 Light Cavalry
76:52 Chemistry
87:09 Two-Man Saw
Iceman
0:43 Loom
13:23 Feudal Age
15:37 Wheelbarrow
19:00 Castle Age
17:17 Double-Bit Axe
18:31 Gold Mining
20:10 Bow Saw
19:45 Horse Collar
31:11 Hand Cart
31:33 Stone Mining
31:44 Heavy Plow
35:35 Imperial Age
33:35 Fortified Wall
33:34 Scale Barding Armor
34:38 Chain Barding Armor
34:36 Masonry
34:22 Murder Holes
34:55 Husbandry
35:06 Bloodlines
35:43 Town Watch
36:50 Stone Shaft Mining
37:19 Two-Man Saw
35:47 Cavalier
38:22 Chemistry
39:23 Plate Barding Armor
39:14 Conscription
39:31 Hoardings
39:28 Architecture
39:20 Ballistics
39:05 Siphons
39:28 Ballistics
39:14 Siphons
41:10 Padded Archer Armor
41:01 Fletching
41:12 Scale Mail Armor
41:22 Forging
40:34 Pikeman
41:00 Arson
41:16 Squires
41:01 Gambesons
43:03 Paladin
43:11 Paladin
44:53 Fervor
45:04 Sanctity
44:46 Devotion
49:35 Leather Archer Armor
49:36 Chain Mail Armor
49:57 Iron Casting
49:18 Bodkin Arrow
48:44 Halberdier
49:31 Thumb Ring
48:46 Elite Skirmisher
52:24 Plate Mail Armor
52:24 Ring Archer Armor
53:13 Caravan
64:23 Blast Furnace
63:23 Bracer
64:00 Man-at-Arms
64:03 Heavy Mounted Crossbowman
83:32 Light Cavalry
Franklin
10:26 Feudal Age
9:38 Loom
12:58 Double-Bit Axe
14:31 Bloodlines
14:35 Forging
14:31 Scale Barding Armor
18:32 Horse Collar
23:20 Castle Age
27:34 Iron Casting
27:20 Chain Barding Armor
28:55 Fletching
29:06 Padded Archer Armor
37:34 Imperial Age
36:23 Bow Saw
36:05 Gold Mining
38:39 Wheelbarrow
40:17 Blast Furnace
39:37 Chain Barding Armor
39:13 Bodkin Arrow
39:33 Leather Archer Armor
40:21 Conscription
41:02 Sipahi
41:03 Conscription
42:25 Hand Cart
42:06 Cavalier
42:53 Husbandry
44:51 Two-Man Saw
45:01 Heavy Cavalry Archer
46:07 Parthian Tactics
48:02 Thumb Ring
48:26 Town Watch
54:08 Ring Archer Armor
56:02 Artillery
61:19 Bracer
67:13 Ballistics
72:33 Heavy Plow
82:03 Caravan
84:12 Town Patrol
85:12 Plate Barding Armor
94:22 Spies/Treason
Geltros
5:45 Loom
11:24 Feudal Age
17:53 Castle Age
16:13 Man-at-Arms
16:49 Horse Collar
17:37 Double-Bit Axe
18:16 Long Swordsman
18:57 Squires
22:56 Bow Saw
27:02 Scale Mail Armor
27:13 Forging
27:28 Gold Mining
29:49 Husbandry
31:09 Chain Mail Armor
31:29 Iron Casting
34:35 Imperial Age
35:10 Heavy Scorpion
40:51 Sappers
41:35 Ballistas
44:09 Legionary
49:12 Padded Archer Armor
49:02 Fletching
51:08 Pikeman
52:32 Halberdier
52:38 Elite Skirmisher
61:57 Heavy Cavalry Archer
62:07 Crossbowman
63:11 Leather Archer Armor
62:52 Bodkin Arrow
64:30 Ring Archer Armor
65:07 Blast Furnace
64:28 Bloodlines
65:01 Conscription
Mek666nix
5:32 Loom
11:27 Feudal Age
11:44 Man-at-Arms
18:50 Horse Collar
19:01 Double-Bit Axe
27:24 Gold Mining
28:10 Stone Mining
30:22 Scale Mail Armor
30:23 Padded Archer Armor
30:14 Fletching
30:34 Forging
30:29 Padded Archer Armor
30:19 Fletching
34:48 Castle Age
44:03 Chain Mail Armor
44:23 Iron Casting
43:44 Bodkin Arrow
44:04 Leather Archer Armor
49:12 Imperial Age
47:28 Anarchy
50:46 Wheelbarrow
50:40 Squires
50:05 Elite Huskarl
51:34 Perfusion
51:55 Conscription
54:59 Hand Cart
58:07 Blast Furnace
57:08 Bracer
57:38 Ring Archer Armor
58:38 Town Watch
61:08 Town Patrol
68:39 Heavy Plow
68:52 Bow Saw
69:20 Stone Shaft Mining
70:39 Pikeman
71:45 Halberdier
83:29 Guilds
83:19 Caravan
94:12 Spies/Treason
Blessed5887
5:46 Loom
10:34 Feudal Age
13:31 Double-Bit Axe
23:31 Castle Age
21:54 Gold Mining
21:55 Stone Mining
21:48 Horse Collar
25:17 Bow Saw
26:33 Corvinian Army
28:41 Heavy Plow
36:30 Scale Barding Armor
46:35 Chain Barding Armor
45:54 Pikeman
51:44 Imperial Age
52:15 Halberdier
54:23 Crop Rotation
56:08 Plate Barding Armor
55:34 Scale Mail Armor
56:07 Elite Magyar Huszar
59:23 Chain Mail Armor
58:49 Elite Magyar Huszar
69:35 Recurve Bow
70:39 Conscription
70:57 Hoardings
74:51 Ballistics
75:31 Chemistry
94:27 Spies/Treason
Connection lost

Rejoining the realm…

Still unreachable

The connection could not be restored.

Session expired

The server has moved on; the page needs a fresh start.